[Event "Deutsche Schachbundesliga 2010/11"]
[Site "Germany"]
[Date "2011.04.10"]
[Round "15"]
[White "Degraeve, Jean-Marc"]
[Black "Melamed, Tetyana"]
[Result "1-0"]
[ECO "B22"]
[WhiteElo "2561"]
[BlackElo "2353"]
[Annotator "Robot 3"]
[PlyCount "111"]
[EventDate "2011.??.??"]
[WhiteTeam "SC Remagen"]
[BlackTeam "Aue"]
[TimeControl "40/6000+30:20/3000+30:900+30"]

1. e4 c5 2. Nf3 e6 3. c3 Nf6 4. e5 Nd5 5. d4 cxd4 6. cxd4 d6 7. a3 Bd7 8. Bd3
Bc6 9. O-O Nd7 10. b4 a6 11. Bd2 Be7 12. Re1 O-O 13. Qe2 Qc7 14. Qe4 g6 15. Qg4
dxe5 16. dxe5 Bb5 17. Bxb5 axb5 18. Bh6 Rfc8 19. Nbd2 Qc2 20. Nd4 Qb2 21. Nxb5
Nxe5 22. Qe4 Bf6 23. Rab1 Qc2 24. Qxc2 Rxc2 25. Ne4 Ng4 26. Bd2 Bb2 27. Bc1
Bxc1 28. Rbxc1 Rac8 29. Nc5 Rxc1 30. Rxc1 b6 31. Nd3 Rxc1+ 32. Nxc1 Kf8 33. Nd3
Ke7 34. a4 Ngf6 35. a5 bxa5 36. bxa5 Nd7 37. a6 N7b6 38. Kf1 f6 39. Nc5 Nd7 40.
a7 N5b6 41. Na6 Na8 42. Nac7 Ndb6 43. Nxa8 Nxa8 44. Ke2 Kd7 45. Kd3 Nb6 46. Nc3
Kc6 47. Ne4 f5 48. Ng5 Kb7 49. Nxe6 Kxa7 50. Kd4 Nd7 51. Nc5 Nf6 52. h3 Kb6 53.
Ke5 Ne8 54. Nd7+ Kc6 55. Nf6 Nd6 56. Nxh7 1-0

[Event "Deutsche Schachbundesliga 2010/11"]
[Site "Germany"]
[Date "2011.04.10"]
[Round "15"]
[White "Eichner, Sebastian"]
[Black "Dgebuadze, Alexandre"]
[Result "0-1"]
[ECO "E11"]
[WhiteElo "2323"]
[BlackElo "2524"]
[Annotator "Robot 3"]
[PlyCount "74"]
[EventDate "2011.??.??"]
[WhiteTeam "Aue"]
[BlackTeam "SC Remagen"]
[TimeControl "40/6000+30:20/3000+30:900+30"]

1. d4 Nf6 2. c4 e6 3. Nf3 Bb4+ 4. Nbd2 b6 5. a3 Bxd2+ 6. Qxd2 Bb7 7. g3 O-O 8.
Bg2 d6 9. O-O Nbd7 10. b4 a5 11. Bb2 Be4 12. Rfc1 Qe7 13. Qf4 h6 14. Bf1 Rfe8
15. Nd2 Bb7 16. Qe3 e5 17. d5 b5 18. Qc3 axb4 19. axb4 bxc4 20. e4 Nb6 21. Qc2
c6 22. dxc6 Bxc6 23. Bxc4 Rac8 24. Qb1 Nxc4 25. Rxc4 d5 26. exd5 Bxd5 27. Rxc8
Rxc8 28. Qf5 Re8 29. Bc3 Qc7 30. Ra3 Bb7 31. f3 Qb6+ 32. Kf1 Nd5 33. Qd3 Rc8
34. Ne4 Rd8 35. Bxe5 Nf4 36. Qe3 Qb5+ 37. Kg1 Qb6 0-1

[Event "Deutsche Schachbundesliga 2010/11"]
[Site "Germany"]
[Date "2011.04.10"]
[Round "15"]
[White "Gharamian, Tigran"]
[Black "Slobodjan, Roman"]
[Result "1-0"]
[ECO "D15"]
[WhiteElo "2658"]
[BlackElo "2556"]
[Annotator "Robot 3"]
[PlyCount "49"]
[EventDate "2011.??.??"]
[WhiteTeam "SC Remagen"]
[BlackTeam "Aue"]
[TimeControl "40/6000+30:20/3000+30:900+30"]

1. d4 d5 2. c4 c6 3. Nc3 Nf6 4. Nf3 a6 5. e3 b5 6. b3 Bg4 7. h3 Bh5 8. g4 Bg6
9. Ne5 e6 10. h4 Bb4 11. Bd2 Bxc3 12. Bxc3 Ne4 13. Bb4 c5 14. Bxc5 Nxc5 15.
dxc5 bxc4 16. bxc4 O-O 17. Bg2 Qa5+ 18. Qd2 Qxc5 19. cxd5 exd5 20. Rc1 Qe7 21.
Qxd5 Ra7 22. h5 Rd8 23. hxg6 Rxd5 24. gxh7+ Kh8 25. Nxf7+ 1-0

[Event "Deutsche Schachbundesliga 2010/11"]
[Site "Germany"]
[Date "2011.04.10"]
[Round "15"]
[White "Popovic, Petar"]
[Black "Schnabel, Ralf"]
[Result "1-0"]
[ECO "B01"]
[WhiteElo "2495"]
[BlackElo "2259"]
[Annotator "Robot 3"]
[PlyCount "139"]
[EventDate "2011.??.??"]
[WhiteTeam "SC Remagen"]
[BlackTeam "Aue"]
[TimeControl "40/6000+30:20/3000+30:900+30"]

1. e4 d5 2. exd5 Qxd5 3. Nc3 Qd6 4. d4 Nf6 5. Nf3 c6 6. h3 Bf5 7. g4 Be4 8.
Nxe4 Nxe4 9. Bd3 Nf6 10. Qe2 Nbd7 11. Bd2 e6 12. O-O-O Qc7 13. Rhe1 O-O-O 14.
c4 c5 15. Kb1 a6 16. Ng5 Nb8 17. d5 h6 18. dxe6 hxg5 19. e7 Re8 20. exf8=Q
Rhxf8 21. Qf3 Nc6 22. Qf5+ Qd7 23. Bxg5 Rxe1 24. Rxe1 Qxf5 25. Bxf5+ Kc7 26.
Bf4+ Kb6 27. g5 Nh5 28. Be3 Rd8 29. Be4 g6 30. a3 a5 31. Bd5 Rd7 32. Rd1 Ng7
33. Rd3 a4 34. b4 axb3 35. Rxb3+ Kc7 36. Bxc5 Nf5 37. Bb6+ Kd6 38. Rd3 Ke5 39.
Rd1 Kf4 40. Rg1 Ne5 41. Kc2 Ne7 42. Be3+ Kf5 43. Rb1 Nxd5 44. cxd5 Nc4 45. Rb4
Nxe3+ 46. fxe3 Kxg5 47. Rg4+ Kf5 48. Kc3 Ke5 49. Rg5+ Ke4 50. Kc4 Kxe3 51. Kc5
Ke4 52. d6 Rd8 53. a4 Rc8+ 54. Kb6 Rc6+ 55. Kxb7 Rxd6 56. a5 Rd3 57. h4 Rb3+
58. Kc6 Ra3 59. Kb6 f5 60. Rxg6 f4 61. a6 f3 62. Rf6 Ke3 63. h5 f2 64. h6 Ke2
65. h7 Rh3 66. a7 f1=Q 67. Rxf1 Kxf1 68. a8=Q Rxh7 69. Qf3+ Kg1 70. Qd1+ 1-0

[Event "Deutsche Schachbundesliga 2010/11"]
[Site "Germany"]
[Date "2011.04.10"]
[Round "15"]
[White "Spiess, Gunter"]
[Black "Parligras, Mircea-Emilian"]
[Result "0-1"]
[ECO "E19"]
[WhiteElo "2429"]
[BlackElo "2601"]
[Annotator "Robot 3"]
[PlyCount "116"]
[EventDate "2011.??.??"]
[WhiteTeam "Aue"]
[BlackTeam "SC Remagen"]
[TimeControl "40/6000+30:20/3000+30:900+30"]

1. d4 Nf6 2. Nf3 e6 3. c4 b6 4. g3 Bb7 5. Bg2 Be7 6. Nc3 Ne4 7. Qc2 Nxc3 8.
Qxc3 O-O 9. O-O f5 10. b3 Bf6 11. Bb2 a5 12. a4 Na6 13. Qd2 Qe8 14. Ne1 Bxg2
15. Nxg2 c5 16. Rad1 cxd4 17. Bxd4 Bxd4 18. Qxd4 Nc5 19. Rb1 Qe7 20. Rfd1 Rfd8
21. Qd6 Qxd6 22. Rxd6 Rab8 23. f3 Kf7 24. Kf2 Ke7 25. Rd2 g5 26. Ne1 Rbc8 27.
Nc2 Kf6 28. Na3 d5 29. cxd5 Rxd5 30. Ke1 Rxd2 31. Kxd2 h5 32. Nb5 g4 33. Ke3
Rd8 34. Na3 gxf3 35. Kxf3 Rd2 36. Nc4 Rc2 37. Nxb6 Rc3+ 38. Kf2 Nxb3 39. Nd7+
Ke7 40. Ne5 Kd6 41. Nd3 e5 42. Rd1 Ke6 43. Rb1 Kd5 44. Rd1 Ke4 45. Ne1 Nd4 46.
Ra1 Kd5 47. Ra2 Kc4 48. Rd2 Kb3 49. e3 Nc6 50. Rd5 Kxa4 51. Nf3 Nb4 52. Rd7 Kb3
53. Nxe5 a4 54. Nf3 a3 55. Nd4+ Kb2 56. Rb7 Rc4 57. Nxf5 a2 58. Nd6 Rc2+ 0-1

[Event "Deutsche Schachbundesliga 2010/11"]
[Site "Germany"]
[Date "2011.04.10"]
[Round "15"]
[White "Swinkels, Robin"]
[Black "Wichmann, Cliff"]
[Result "1/2-1/2"]
[ECO "D11"]
[WhiteElo "2478"]
[BlackElo "2341"]
[Annotator "Robot 3"]
[PlyCount "50"]
[EventDate "2011.??.??"]
[WhiteTeam "SC Remagen"]
[BlackTeam "Aue"]
[TimeControl "40/6000+30:20/3000+30:900+30"]

1. d4 d5 2. c4 c6 3. Nf3 dxc4 4. e3 Be6 5. Qc2 Nf6 6. Bxc4 Bxc4 7. Qxc4 Qa5+ 8.
Bd2 Qa6 9. Qc2 e6 10. Ne5 Nbd7 11. Nd3 Ne4 12. b4 Nxd2 13. Nxd2 Be7 14. O-O O-O
15. a4 b6 16. Rfb1 Rfc8 17. Nc4 Qb7 18. Qe2 Qc7 19. Ra2 a5 20. bxa5 b5 21. Nce5
Nxe5 22. Nxe5 Rxa5 23. Rc2 bxa4 24. Nxc6 Raa8 25. Nxe7+ Qxe7 1/2-1/2

[Event "Deutsche Schachbundesliga 2010/11"]
[Site "Germany"]
[Date "2011.04.10"]
[Round "15"]
[White "Jugelt, Tobias"]
[Black "Svidler, Peter"]
[Result "1/2-1/2"]
[ECO "A45"]
[WhiteElo "2409"]
[BlackElo "2731"]
[Annotator "Robot 3"]
[PlyCount "41"]
[EventDate "2011.??.??"]
[WhiteTeam "Delmenhorst"]
[BlackTeam "Baden-Baden"]
[TimeControl "40/6000+30:20/3000+30:900+30"]

1. d4 Nf6 2. Bf4 e6 3. e3 b6 4. Qf3 Nc6 5. c3 Bb7 6. e4 Ne7 7. Nd2 Ng6 8. Bg3
c5 9. Bd3 cxd4 10. cxd4 Bb4 11. O-O-O b5 12. Kb1 Qa5 13. Nb3 Qb6 14. Rc1 O-O
15. Bc7 Qa6 16. Qe2 Rac8 17. Nh3 Ba8 18. f3 Qb7 19. Na5 Bxa5 20. Bxa5 a6 21. a4
1/2-1/2

[Event "Deutsche Schachbundesliga 2010/11"]
[Site "Germany"]
[Date "2011.04.10"]
[Round "15"]
[White "Luch, Michal"]
[Black "Bacrot, Etienne"]
[Result "0-1"]
[ECO "B22"]
[WhiteElo "2385"]
[BlackElo "2716"]
[Annotator "Robot 3"]
[PlyCount "68"]
[EventDate "2011.??.??"]
[WhiteTeam "Delmenhorst"]
[BlackTeam "Baden-Baden"]
[TimeControl "40/6000+30:20/3000+30:900+30"]

1. e4 c5 2. c3 Nf6 3. e5 Nd5 4. g3 Nc6 5. Bg2 e6 6. Nf3 g6 7. O-O Bg7 8. d4
cxd4 9. cxd4 d6 10. exd6 Qxd6 11. Nc3 Nce7 12. Nxd5 Nxd5 13. Qb3 O-O 14. Re1
Bd7 15. Ne5 Bc6 16. Bd2 a5 17. Nxc6 bxc6 18. Qa4 Rfb8 19. b3 Rc8 20. Rac1 Nb4
21. Be3 Ra6 22. Rc4 Bf8 23. Rec1 Nd5 24. Bxd5 Qxd5 25. R4c2 Bb4 26. a3 Bf8 27.
b4 Raa8 28. Rxc6 axb4 29. Rxc8 Rxa4 30. Bh6 Ra8 31. Bxf8 Rxc8 32. Rxc8 Qb7 33.
Re8 Qc6 34. Rb8 Qc7 0-1

[Event "Deutsche Schachbundesliga 2010/11"]
[Site "Germany"]
[Date "2011.04.10"]
[Round "15"]
[White "Mossakowski, Florian"]
[Black "Nielsen, Peter Heine"]
[Result "1/2-1/2"]
[ECO "B83"]
[WhiteElo "2335"]
[BlackElo "2670"]
[Annotator "Robot 3"]
[PlyCount "149"]
[EventDate "2011.??.??"]
[WhiteTeam "Delmenhorst"]
[BlackTeam "Baden-Baden"]
[TimeControl "40/6000+30:20/3000+30:900+30"]

1. e4 c5 2. Nf3 Nc6 3. d4 cxd4 4. Nxd4 e6 5. Nc3 d6 6. Be3 Nf6 7. Be2 Be7 8.
O-O O-O 9. f4 Bd7 10. Bf3 Nxd4 11. Qxd4 Bc6 12. Rad1 Nd7 13. Qd3 a6 14. Rf2 b5
15. e5 d5 16. Ne2 b4 17. Nd4 Bb7 18. Bg4 Nc5 19. Qe2 Ne4 20. Rf3 Bc5 21. Nb3
Bxe3+ 22. Rxe3 Qc7 23. Nd4 Qb6 24. Bf3 f6 25. exf6 Rxf6 26. g3 Re8 27. a3 bxa3
28. Rxa3 e5 29. Rb3 Qc7 30. Bxe4 dxe4 31. fxe5 Rxe5 32. Re3 h6 33. Rf1 Rxf1+
34. Qxf1 Qb6 35. Qc4+ Bd5 36. Qc3 Kh7 37. Ne2 Bb7 38. Qd4 Qc7 39. c4 Rf5 40.
Nc3 Qf7 41. Re1 Rf3 42. Nd5 Qf5 43. Ne3 Qg6 44. Kg2 a5 45. Nd5 Rd3 46. Qxe4
Qxe4+ 47. Rxe4 Rd2+ 48. Kf3 Rxb2 49. Ke3 a4 50. Re7 a3 51. Nc3 Kg6 52. Kd4 Kf6
53. Rc7 g5 54. c5 Rb4+ 55. Ke3 Ke6 56. Rh7 Rb3 57. Kd4 Rb4+ 58. Ke3 Ke5 59.
Re7+ Kf5 60. Rc7 Kg4 61. c6 Rb3 62. cxb7 a2 63. b8=Q Rxb8 64. Nxa2 Rb2 65. Nc3
Rxh2 66. Ne2 h5 67. Rc4+ Kh3 68. Rc5 Kg4 69. Re5 Rh1 70. Re4+ Kh3 71. Kf2 Rh2+
72. Kg1 h4 73. gxh4 Rg2+ 74. Kf1 Rg4 75. Rxg4 1/2-1/2

[Event "Deutsche Schachbundesliga 2010/11"]
[Site "Germany"]
[Date "2011.04.10"]
[Round "15"]
[White "Movsesian, Sergei"]
[Black "Lammers, Markus"]
[Result "1-0"]
[ECO "B00"]
[WhiteElo "2723"]
[BlackElo "2395"]
[Annotator "Robot 3"]
[PlyCount "77"]
[EventDate "2011.??.??"]
[WhiteTeam "Baden-Baden"]
[BlackTeam "Delmenhorst"]
[TimeControl "40/6000+30:20/3000+30:900+30"]

1. e4 Nc6 2. Nf3 f5 3. exf5 d5 4. Bb5 Bxf5 5. Ne5 Qd6 6. d4 Nf6 7. O-O Nd7 8.
Nc3 e6 9. Nd3 Bxd3 10. Bxd3 Nf6 11. Nb5 Qd7 12. Re1 Kf7 13. Bf4 Rc8 14. Qe2 Be7
15. Nxc7 Rxc7 16. Bxc7 Qxc7 17. Qxe6+ Ke8 18. c3 Kd8 19. Qh3 Qf4 20. g3 Qg4 21.
Qxg4 Nxg4 22. Re6 Nf6 23. Rae1 Rf8 24. Ba6 Kd7 25. Bxb7 Bd6 26. Bxc6+ Kxc6 27.
R6e2 g5 28. b3 g4 29. c4 Bb4 30. Re6+ Kd7 31. R1e2 Rf7 32. Ra6 Kd8 33. Kg2 Bc3
34. cxd5 Bxd4 35. Ra4 Ba1 36. Re6 Rd7 37. Rea6 Rxd5 38. Rxa7 Rd2 39. Rg7 1-0

[Event "Deutsche Schachbundesliga 2010/11"]
[Site "Germany"]
[Date "2011.04.10"]
[Round "15"]
[White "Shirov, Alexei"]
[Black "Heberla, Bartlomiej"]
[Result "1-0"]
[ECO "B56"]
[WhiteElo "2749"]
[BlackElo "2534"]
[Annotator "Robot 3"]
[PlyCount "55"]
[EventDate "2011.??.??"]
[WhiteTeam "Baden-Baden"]
[BlackTeam "Delmenhorst"]
[TimeControl "40/6000+30:20/3000+30:900+30"]

1. e4 c5 2. Nf3 d6 3. d4 cxd4 4. Nxd4 Nf6 5. Nc3 Bd7 6. f3 e5 7. Nb3 Be7 8. Be3
O-O 9. g4 a5 10. g5 Nh5 11. Qd2 a4 12. Nc1 a3 13. b3 Nc6 14. Nd5 Be6 15. Ne2 f5
16. O-O-O fxe4 17. fxe4 Bg4 18. Rg1 Bf3 19. Bg2 Bxe2 20. Qxe2 Nf4 21. Bxf4 exf4
22. h4 Qa5 23. e5 dxe5 24. Be4 f3 25. Bxf3 Bc5 26. Be4 g6 27. Rgf1 Nb4 28. Nxb4
1-0

[Event "Deutsche Schachbundesliga 2010/11"]
[Site "Germany"]
[Date "2011.04.10"]
[Round "15"]
[White "Sturm, Tobias"]
[Black "Naiditsch, Arkadij"]
[Result "0-1"]
[ECO "C45"]
[WhiteElo "2037"]
[BlackElo "2674"]
[Annotator "Robot 3"]
[PlyCount "82"]
[EventDate "2011.??.??"]
[WhiteTeam "Delmenhorst"]
[BlackTeam "Baden-Baden"]
[TimeControl "40/6000+30:20/3000+30:900+30"]

1. e4 e5 2. Nf3 Nc6 3. d4 exd4 4. Nxd4 Nf6 5. Nxc6 bxc6 6. e5 Qe7 7. Qe2 Nd5 8.
c4 Nb6 9. Nd2 Bb7 10. Nb3 Ba6 11. Qe4 d5 12. cxd5 cxd5 13. Qe3 Bxf1 14. Kxf1
Nc4 15. Qd4 Qxe5 16. Qxe5+ Nxe5 17. Bf4 f6 18. Nd4 Kd7 19. Rd1 g6 20. h4 Rb8
21. b3 Bd6 22. h5 c5 23. Nc2 Kc6 24. Ne3 d4 25. Bxe5 fxe5 26. Nc4 g5 27. f3 g4
28. Ke2 Rhg8 29. Rdf1 Kd5 30. Rh4 gxf3+ 31. gxf3 Rbf8 32. Nd2 Be7 33. Rh3 Bg5
34. Ne4 Be3 35. Rh2 c4 36. bxc4+ Kxc4 37. Nd6+ Kd5 38. Ne4 Bg1 39. Rh1 Rg2+ 40.
Kd3 Bh2 41. a4 Ra2 0-1

[Event "Deutsche Schachbundesliga 2010/11"]
[Site "Germany"]
[Date "2011.04.10"]
[Round "15"]
[White "Vallejo Pons, Francisco"]
[Black "Hoeffer, David"]
[Result "1-0"]
[ECO "B00"]
[WhiteElo "2697"]
[BlackElo "2259"]
[Annotator "Robot 3"]
[PlyCount "79"]
[EventDate "2011.??.??"]
[WhiteTeam "Baden-Baden"]
[BlackTeam "Delmenhorst"]
[TimeControl "40/6000+30:20/3000+30:900+30"]

1. e4 Nc6 2. Nf3 f5 3. exf5 d5 4. Bb5 Bxf5 5. Ne5 Qd6 6. d4 Nf6 7. Nc3 Nd7 8.
Bf4 Ncxe5 9. Bxe5 Qb4 10. Bxd7+ Kxd7 11. a3 Qxb2 12. Nxd5 e6 13. Ne3 Qc3+ 14.
Kf1 Bd6 15. Bxd6 cxd6 16. Rb1 b6 17. Rb3 Qc6 18. c4 Rhf8 19. h4 Rf6 20. Kg1
Raf8 21. Rb2 Ke7 22. h5 Kf7 23. Rh4 Kg8 24. a4 h6 25. Qb3 Kh8 26. Qb5 Qc7 27.
Rf4 Bh7 28. Rxf6 Rxf6 29. a5 bxa5 30. Qe8+ Bg8 31. Rb8 Qf7 32. Qd8 a4 33. c5 a3
34. c6 a2 35. Nc2 Kh7 36. f3 Rf4 37. c7 Rxd4 38. c8=Q Rd1+ 39. Kf2 Rd2+ 40. Ke1
1-0

[Event "Deutsche Schachbundesliga 2010/11"]
[Site "Germany"]
[Date "2011.04.10"]
[Round "15"]
[White "Areshchenko, Alexander"]
[Black "Medvegy, Zoltan"]
[Result "1-0"]
[ECO "B15"]
[WhiteElo "2664"]
[BlackElo "2531"]
[Annotator "Robot 3"]
[PlyCount "125"]
[EventDate "2011.??.??"]
[WhiteTeam "Bremen"]
[BlackTeam "SC Eppingen"]
[TimeControl "40/6000+30:20/3000+30:900+30"]

1. e4 g6 2. d4 Bg7 3. Nc3 c6 4. f4 d5 5. e5 Nh6 6. Nf3 f6 7. Bd3 Bg4 8. O-O O-O
9. h3 Bxf3 10. Rxf3 fxe5 11. fxe5 e6 12. Rxf8+ Qxf8 13. Ne2 Qe7 14. c3 c5 15.
Be3 cxd4 16. cxd4 Nc6 17. Qd2 Nf7 18. a3 Rc8 19. Rf1 Nb8 20. Nf4 Nd7 21. h4 Bh6
22. g3 Kg7 23. Kg2 Nb6 24. Qf2 Nc4 25. Bc1 Kg8 26. Qf3 Bxf4 27. Qxf4 Rf8 28.
Qg4 Nd8 29. Rxf8+ Kxf8 30. h5 gxh5 31. Qxh5 Qf7 32. Qh4 Nc6 33. b3 N4a5 34. b4
Nc4 35. b5 Ne7 36. g4 Ng6 37. Qd8+ Kg7 38. Qg5 Kg8 39. Kg3 Qe7 40. Qh6 Qf8 41.
Qg5 Kg7 42. Qh5 Qf7 43. a4 Kf8 44. Qh1 Ke8 45. Bg5 Nf8 46. Bf6 Qc7 47. Qh5+ Qf7
48. Qh6 Ng6 49. Qc1 Qc7 50. Bxg6+ hxg6 51. Qh6 Qf7 52. Kh4 Qg8 53. Kg5 Kf7 54.
Qh2 b6 55. Qf2 Qh7 56. Bh8+ Kg8 57. Qf6 Qxh8 58. Qxe6+ Kf8 59. Qc8+ Kg7 60.
Qd7+ Kf8 61. Qd8+ Kg7 62. Qe7+ Kg8 63. Kxg6 1-0

[Event "Deutsche Schachbundesliga 2010/11"]
[Site "Germany"]
[Date "2011.04.10"]
[Round "15"]
[White "Braun, Arik"]
[Black "Efimenko, Zahar"]
[Result "0-1"]
[ECO "A65"]
[WhiteElo "2538"]
[BlackElo "2683"]
[Annotator "Robot 3"]
[PlyCount "86"]
[EventDate "2011.??.??"]
[WhiteTeam "SC Eppingen"]
[BlackTeam "Bremen"]
[TimeControl "40/6000+30:20/3000+30:900+30"]

1. d4 d6 2. c4 g6 3. Nc3 Bg7 4. e4 c5 5. d5 e6 6. Nge2 Nf6 7. Ng3 O-O 8. Be2 a6
9. a4 exd5 10. cxd5 Nbd7 11. O-O Re8 12. Bf4 Ne5 13. Qd2 Bd7 14. Rfb1 Rc8 15.
h3 c4 16. Be3 h5 17. a5 Bb5 18. f3 Nfd7 19. Nxb5 axb5 20. Qb4 f5 21. a6 bxa6
22. Qxd6 h4 23. Nf1 fxe4 24. f4 Nd3 25. Qxg6 Nf8 26. Qf5 Ra8 27. Nd2 Qf6 28.
Qg4 Ng6 29. Rf1 Rad8 30. f5 Nge5 31. Qh5 Nf7 32. Rxa6 Qxa6 33. f6 Rd6 34. Bd4
Bh6 35. Qg6+ Kf8 36. Bh5 Nde5 37. Qh7 Rxf6 38. Bc5+ Re7 39. Rxf6 Qxf6 40. Nxe4
Qf4 41. d6 Qc1+ 42. Kh2 Bf4+ 43. g3 hxg3+ 0-1

[Event "Deutsche Schachbundesliga 2010/11"]
[Site "Germany"]
[Date "2011.04.10"]
[Round "15"]
[White "Fressinet, Laurent"]
[Black "Ruck, Robert"]
[Result "1-0"]
[ECO "D90"]
[WhiteElo "2718"]
[BlackElo "2555"]
[Annotator "Robot 3"]
[PlyCount "73"]
[EventDate "2011.??.??"]
[WhiteTeam "Bremen"]
[BlackTeam "SC Eppingen"]
[TimeControl "40/6000+30:20/3000+30:900+30"]

1. d4 Nf6 2. c4 g6 3. Nc3 d5 4. Nf3 Bg7 5. Qa4+ c6 6. cxd5 Nxd5 7. e4 Nb6 8.
Qc2 Bg4 9. Ne5 Be6 10. Be3 O-O 11. Rd1 N8d7 12. Nf3 Bg4 13. Be2 Qc7 14. Ng5
Bxe2 15. Nxe2 Rac8 16. f4 e6 17. O-O Nf6 18. Kh1 Qe7 19. Nc3 Rfd8 20. Nf3 Nc4
21. Bg1 Qc7 22. Qe2 Nb6 23. Ne5 Nbd7 24. Nd3 Qa5 25. b4 Qa3 26. Qc2 Qa6 27. Qb3
b6 28. f5 exf5 29. exf5 Qb7 30. Rde1 Re8 31. Ne5 Nf8 32. Be3 Nd5 33. fxg6 fxg6
34. b5 Bxe5 35. bxc6 Qxc6 36. Nxd5 Bg7 37. Ne7+ 1-0

[Event "Deutsche Schachbundesliga 2010/11"]
[Site "Germany"]
[Date "2011.04.10"]
[Round "15"]
[White "Gashimov, Vugar"]
[Black "Postny, Evgeny"]
[Result "1-0"]
[ECO "C84"]
[WhiteElo "2719"]
[BlackElo "2595"]
[Annotator "Robot 3"]
[PlyCount "155"]
[EventDate "2011.??.??"]
[WhiteTeam "Bremen"]
[BlackTeam "SC Eppingen"]
[TimeControl "40/6000+30:20/3000+30:900+30"]

1. e4 e5 2. Nf3 Nc6 3. Bb5 a6 4. Ba4 Nf6 5. O-O Be7 6. d3 b5 7. Bb3 d6 8. a4 b4
9. a5 O-O 10. h3 Rb8 11. Nbd2 Be6 12. Nc4 Nd7 13. Be3 Bf6 14. Re1 Nd4 15. Bxd4
exd4 16. e5 dxe5 17. Ncxe5 Nxe5 18. Nxe5 Bxb3 19. cxb3 Qd5 20. Ng4 Qf5 21. Qc2
h5 22. Nxf6+ Qxf6 23. Qc5 g6 24. Re4 Rfd8 25. Rc1 Rd7 26. Qa7 Rb5 27. Rxc7 Rxc7
28. Qxc7 Rf5 29. f3 Kg7 30. h4 Rd5 31. Kf2 Qd6 32. Qb6 Kf6 33. Ke2 Qxb6 34.
axb6 Rb5 35. Rxd4 Rxb6 36. Rd5 Ke6 37. Rc5 Kd6 38. d4 Rb8 39. Kd3 Re8 40. Kd2
Kd7 41. Rd5+ Kc6 42. Ra5 Kb6 43. Re5 Rd8 44. Kd3 Rd6 45. Re7 f5 46. Re8 a5 47.
Re5 Rc6 48. d5 Rc1 49. Re6+ Kb5 50. d6 Kc6 51. Rxg6 Rb1 52. Kc2 Rh1 53. Rg5
Rxh4 54. Rxf5 Rh2 55. Rxa5 Rxg2+ 56. Kd3 Rf2 57. Ke4 h4 58. Ra6+ Kd7 59. Kd5
Rd2+ 60. Kc5 Rc2+ 61. Kxb4 h3 62. Ra7+ Kxd6 63. Rh7 h2 64. Ka3 Kc6 65. b4 Rf2
66. f4 Kb5 67. Rh5+ Kb6 68. f5 Rxf5 69. Rxh2 Rf1 70. Kb3 Rg1 71. Rh5 Rf1 72.
Rd5 Rh1 73. Rd3 Rg1 74. Kc4 Rg4+ 75. Rd4 Rxd4+ 76. Kxd4 Kb5 77. Kc3 Ka4 78. b5
1-0

[Event "Deutsche Schachbundesliga 2010/11"]
[Site "Germany"]
[Date "2011.04.10"]
[Round "15"]
[White "Guliyev, Namig"]
[Black "McShane, Luke J"]
[Result "0-1"]
[ECO "C67"]
[WhiteElo "2510"]
[BlackElo "2657"]
[Annotator "Robot 3"]
[PlyCount "122"]
[EventDate "2011.??.??"]
[WhiteTeam "SC Eppingen"]
[BlackTeam "Bremen"]
[TimeControl "40/6000+30:20/3000+30:900+30"]

1. e4 e5 2. Nf3 Nc6 3. Bb5 Nf6 4. O-O Nxe4 5. Re1 Nd6 6. Nxe5 Be7 7. Bf1 Nf5 8.
c3 Nxe5 9. Rxe5 d6 10. Re1 O-O 11. d4 d5 12. Nd2 Bd6 13. Nf3 Ne7 14. Ne5 f6 15.
Nd3 Ng6 16. Qf3 c6 17. g3 Qd7 18. Nc5 Bxc5 19. dxc5 Ne5 20. Qe3 Qe8 21. Bg2 Qh5
22. f3 Re8 23. Bd2 Bh3 24. Bh1 Qg6 25. Qd4 Nd3 26. Rxe8+ Rxe8 27. c4 dxc4 28.
Qxc4+ Be6 29. Qd4 Bd5 30. Bc3 Re2 31. Bg2 Ne5 32. Rf1 Qc2 33. Rf2 Qb1+ 34. Rf1
Qc2 35. Rf2 Qb1+ 36. Rf1 Qxa2 37. Bh1 Qc4 38. Qxc4 Nxc4 39. Rf2 Re3 40. Bg2 Kf7
41. Rc2 Rd3 42. Be1 Ne5 43. f4 Rd1 44. Bxd5+ cxd5 45. Kf2 Nd3+ 46. Ke2 Nxe1 47.
Kxd1 Nxc2 48. Kxc2 Ke6 49. Kc3 Kd7 50. Kd4 Kc6 51. f5 h5 52. h3 a5 53. b3 Kb5
54. Kxd5 Kb4 55. Ke6 Kxb3 56. Kf7 a4 57. g4 hxg4 58. hxg4 a3 59. Kxg7 a2 60.
Kxf6 a1=Q+ 61. Kg6 Qh8 0-1

[Event "Deutsche Schachbundesliga 2010/11"]
[Site "Germany"]
[Date "2011.04.10"]
[Round "15"]
[White "Nyback, Tomi"]
[Black "Mann, Christian"]
[Result "1-0"]
[ECO "D85"]
[WhiteElo "2635"]
[BlackElo "2444"]
[Annotator "Robot 3"]
[PlyCount "39"]
[EventDate "2011.??.??"]
[WhiteTeam "Bremen"]
[BlackTeam "SC Eppingen"]
[TimeControl "40/6000+30:20/3000+30:900+30"]

1. d4 Nf6 2. c4 g6 3. Nc3 d5 4. cxd5 Nxd5 5. e4 Nxc3 6. bxc3 Bg7 7. Nf3 c5 8.
Be3 Nc6 9. Rc1 cxd4 10. cxd4 Qa5+ 11. Bd2 Qxa2 12. d5 Na5 13. Bb5+ Bd7 14. Rc2
Qa3 15. Qb1 Qb3 16. Bxd7+ Kxd7 17. O-O b6 18. Bxa5 Qxb1 19. Rxb1 bxa5 20. Rb7+
1-0

[Event "Deutsche Schachbundesliga 2010/11"]
[Site "Germany"]
[Date "2011.04.10"]
[Round "15"]
[White "Paehtz, Elisabeth"]
[Black "Roiz, Michael"]
[Result "1/2-1/2"]
[ECO "C54"]
[WhiteElo "2467"]
[BlackElo "2637"]
[Annotator "Robot 3"]
[PlyCount "58"]
[EventDate "2011.??.??"]
[WhiteTeam "SC Eppingen"]
[BlackTeam "Bremen"]
[TimeControl "40/6000+30:20/3000+30:900+30"]

1. e4 e5 2. Nf3 Nc6 3. Bc4 Bc5 4. c3 Nf6 5. d3 O-O 6. O-O d6 7. Bb3 h6 8. h3 a6
9. Be3 Re8 10. Nbd2 Bd7 11. a4 a5 12. Bc4 Qe7 13. Re1 Bxe3 14. fxe3 Be6 15. Qb3
Bxc4 16. Qxc4 Qd7 17. Qb5 Ne7 18. Qc4 Ng6 19. Qb3 d5 20. exd5 Nxd5 21. Ne4 b6
22. Ng3 Rad8 23. Rad1 Kh7 24. Kh2 Qe7 25. Qc4 Nf6 26. e4 Rd7 27. d4 exd4 28.
cxd4 Kg8 29. Rc1 Qd8 1/2-1/2

[Event "Deutsche Schachbundesliga 2010/11"]
[Site "Germany"]
[Date "2011.04.10"]
[Round "15"]
[White "Tiviakov, Sergei"]
[Black "Eljanov, Pavel"]
[Result "1/2-1/2"]
[ECO "B18"]
[WhiteElo "2637"]
[BlackElo "2761"]
[Annotator "Robot 3"]
[PlyCount "88"]
[EventDate "2011.??.??"]
[WhiteTeam "SC Eppingen"]
[BlackTeam "Bremen"]
[TimeControl "40/6000+30:20/3000+30:900+30"]

1. e4 c6 2. d4 d5 3. Nd2 dxe4 4. Nxe4 Bf5 5. Ng3 Bg6 6. Nh3 Nf6 7. Bc4 e6 8.
Nf4 Bd6 9. Bb3 Nbd7 10. O-O O-O 11. c3 Qc7 12. Nxg6 hxg6 13. Re1 a5 14. a3 Rfe8
15. Bg5 Bf4 16. Bxf4 Qxf4 17. Qc2 Nb6 18. Re5 a4 19. Ba2 Nbd7 20. Re2 b5 21.
Ne4 Nxe4 22. Rxe4 Qd6 23. Qe2 Rab8 24. Rd1 Nf6 25. Re5 Nd7 26. Re3 Nf6 27. h4
Re7 28. g3 Rbe8 29. Re1 Rd8 30. Re5 Nd7 31. Rg5 Nf6 32. Qf3 Rc8 33. g4 Nd5 34.
Re4 Nf6 35. Re1 Nd5 36. Rge5 f6 37. R5e4 Kf7 38. g5 Rh8 39. Kg2 Ree8 40. Qg3
Qxg3+ 41. fxg3 Rh5 42. Rf1 Ke7 43. Rfe1 Kf7 44. Rf1 Ke7 1/2-1/2

[Event "Deutsche Schachbundesliga 2010/11"]
[Site "Germany"]
[Date "2011.04.10"]
[Round "15"]
[White "Breder, Dennis"]
[Black "Levin, Felix"]
[Result "1-0"]
[ECO "D27"]
[WhiteElo "2439"]
[BlackElo "2482"]
[Annotator "Robot 3"]
[PlyCount "117"]
[EventDate "2011.??.??"]
[WhiteTeam "Emsdetten"]
[BlackTeam "Mülheim-Nord"]
[TimeControl "40/6000+30:20/3000+30:900+30"]

1. d4 d5 2. c4 dxc4 3. e3 Nf6 4. Bxc4 e6 5. Nf3 a6 6. O-O c5 7. dxc5 Qxd1 8.
Rxd1 Bxc5 9. Be2 Nbd7 10. Nbd2 b6 11. Nc4 Bb7 12. Nd4 O-O 13. Nb3 Be7 14. f3 a5
15. e4 Ba6 16. Be3 Rfc8 17. Rac1 a4 18. Nd4 g6 19. Na3 Bxe2 20. Nxe2 Kf8 21.
Bh6+ Kg8 22. Nc3 Bc5+ 23. Kf1 Ne5 24. Ncb5 Ne8 25. Ke2 f5 26. exf5 exf5 27. Be3
Nf6 28. Bxc5 bxc5 29. Rd6 Kg7 30. Kf1 c4 31. Re1 Rc5 32. Nc3 Ra7 33. Nab5 Rb7
34. Nd4 Ra5 35. Ne6+ Kh6 36. Nd8 Rd7 37. Rxe5 Rxd6 38. Nf7+ Kg7 39. Rxa5 Kxf7
40. Ra7+ Ke6 41. Rxa4 Nd5 42. Nxd5 Kxd5 43. b3 cxb3 44. axb3 Rb6 45. b4 Rb7 46.
Kf2 f4 47. h4 Kc4 48. b5+ Kxb5 49. Rxf4 Kc5 50. Re4 Kd6 51. Kg3 Rb2 52. Re1 Kd7
53. Kh3 Rc2 54. Re5 Kd6 55. Re8 Rc4 56. Kg3 Ra4 57. Rh8 Ra7 58. Kf4 Ke6 59. Kg5
1-0